 Dungeon Crawl Stone Soup version 0.32-a0-630-g46d191b0ed (webtiles) character file.

Game seed: 2135220350267201006

64 ezpacito the Trooper (level 4, -8/35 HPs)
             Began as a Coglin Chaos Knight on Mar 6, 2024.
             Was a Plaything of Xom.
             Mangled by Terence
             ... wielding a +5 mace of protection
              (14 damage)
             ... on level 3 of the Dungeon.
             The game lasted 00:01:41 (1412 turns).

ezpacito the Trooper (Coglin Chaos Knight)          Turns: 1412, Time: 00:01:41

Health: -8/35      AC:  5    Str: 15    XL:     4   Next: 12%
Magic:  4/4        EV: 11    Int: 11    God:    Xom [..*...]
Gold:   84         SH:  0    Dex: 13    Spells: 3/3 levels left

rFire   . . .        a - +0 hand axe (chaos) {Xue}
rCold   . . .        l - +0 trident {Tiedemann}
rNeg    . . .        b - +2 leather armour
rPois   .            (no helmet)
rElec   .            (no cloak)
rCorr   .            (no gloves)
SInv    .            (no boots)
Will    .....        (amulet unavailable)
Stlth   +            (ring unavailable)
HPRegen 0.25/turn    (ring unavailable)
MPRegen 0.09/turn    (no gizmo)

%: no passive effects
@: revved
A: off-hand wielding, slow wielding, warmup strikes, no jewellery
a: Invent Gizmo, Renounce Religion


You were on level 3 of the Dungeon.
You worshipped Xom.
You were a toy of Xom.
You visited 1 branch of the dungeon, and saw 3 of its levels.

You collected 84 gold pieces.

Inventory:

Hand Weapons
 a - a +0 hand axe of chaos (weapon) {Xue}
 h - a +0 heavy battleaxe
 l - a +0 trident (offhand) {Tiedemann}
Missiles
 j - 10 poisoned darts (quivered)
Armour
 b - a +2 leather armour (worn)
Scrolls
 c - a scroll of butterflies
 e - a scroll of revelation {unknown}
 g - 3 scrolls of identify {unknown}
 i - a scroll of immolation {unknown}
 k - a scroll of teleportation {unknown}
Potions
 f - a potion of berserk rage {unknown}


   Skills:
 * Level 3.4 Fighting
 * Level 3.3(3.4) Axes
 + Level 0.4(1.9) Polearms
 * Level 2.4 Armour
 * Level 1.5 Dodging
 + Level 0.4 Stealth
 + Level 0.4 Spellcasting


You had 3 spell levels left.
You didn't know any spells.
Your spell library contained the following spells:

 Spells                   Type           Power      Damage    Failure   Level
 Freeze                   Ice            0%         1d3       38%         1
 Lesser Beckoning         Tloc           0%         N/A       54%         2
 Sublimation of Blood     Necr           0%         N/A       54%         2
 Frozen Ramparts          Ice            0%         1d1       77%         3
 Gell's Gravitas          Tloc           0%         N/A       77%         3
 Hailstorm                Conj/Ice       0%         3d5       77%         3
 Teleport Other           Tloc           0%         N/A       77%         3
 Petrify                  Alch/Erth      0%         N/A       99%         4
 Irradiate                Conj/Alch      0%         3d11      100%        5


Dungeon Overview and Level Annotations

Branches:
Dungeon (3/15)

Altars:
Uskayaw

Annotations:
D:3 Natasha, Terence


Innate Abilities, Weirdness & Mutations

You can wield a second weapon in your off-hand.
It takes a long time for you to wield or remove held weapons.
Your first few attacks do less damage.
You cannot equip rings or amulets.


Message History

You closely miss Terence with your +0 trident.
The cerulean imp hits you from afar with a +2 spear.
The rat bites you but does no damage. Terence barely misses you.
You take 2 damage, and have 14/35 hp.
It was a potion of curing.
You feel better.
Xom is amused.
Natasha wildly gestures.
Natasha's front paws start to glow.
The cerulean imp hits you from afar with a +2 spear.
The rat bites you but does no damage. Terence barely misses you.
You regained 7 hp, and now have 21/35 hp.
You barely miss Terence with your +0 trident.
Terence is moderately wounded.
You closely miss Terence with your +0 hand axe of chaos.
You hit the rat with your +0 hand axe of chaos.
You kill the rat!
The cerulean imp hits you but does no damage.
Terence hits you with a +5 mace of protection.
Natasha wildly gestures.
Natasha glows brightly for a moment.
You take 3 damage, and have 18/35 hp.
You hit Terence with your +0 trident.
Terence is heavily wounded.
You barely miss Terence with your +0 hand axe of chaos.
The cerulean imp barely misses you.
Terence hits you with a +5 mace of protection.
The rat twitches its whiskers.
You take 2 damage, and have 16/35 hp.
You hit Terence with your +0 trident.
Terence is severely wounded.
You hit Terence but do no damage.
The cerulean imp hits you but does no damage.
Terence hits you with a +5 mace of protection!
* * * LOW HITPOINT WARNING * * *
The cerulean imp hits you from afar with a +2 spear.
* * * LOW HITPOINT WARNING * * *
Terence hits you with a +5 mace of protection!
You die...
Terence says, "Rest in peace."
Xom chuckles heartily!

.........###. .........#..
.........#.# ......(....
.......... #........#
#....5rh# ## ##@#
..$.####.@### #.........#
#####.###.....
##############.#####....
>...........†...........
############...######......
### #..### ....# ..# ###.##
#.#.# #.#######...#
####.#.###


You could see Terence, Natasha, a cerulean imp (summoned) and a rat.

Vanquished Creatures
  2 adders (D:3)
  A dart slug (D:3)
  An orc (D:3)
  3 ball pythons
  4 endoplasms
  5 giant cockroaches
  A hobgoblin (D:1)
  2 quokkas (D:1)
  6 bats
  A frilled lizard (D:1)
  4 goblins
  6 kobolds
  4 rats
40 creatures vanquished.

Vanquished Creatures (others)
  A ball python zombie (D:3)
1 creature vanquished.

Grand Total: 41 creatures vanquished

Notes
Turn   | Place    | Note
-------+----------+-------------------------------------------
     0 | D:1      | ezpacito the Coglin Chaos Knight began the quest for the
                  | Orb.
     0 | D:1      | Reached XP level 1. HP: 18/18 MP: 1/1
    31 | D:1      | Reached skill level 1 in Dodging
   124 | D:1      | XOM: silly message
   179 | D:1      | Reached XP level 2. HP: 24/24 MP: 2/2
   586 | D:2      | XOM: silly message
   760 | D:2      | Reached XP level 3. HP: 24/29 MP: 3/3
  1138 | D:3      | Found a hide-covered altar of Uskayaw.
  1142 | D:3      | XOM: silly message
  1143 | D:3      | XOM: smoke on damage
  1269 | D:3      | Reached XP level 4. HP: 35/35 MP: 4/4
  1396 | D:3      | Noticed Natasha
  1398 | D:3      | Noticed Terence
  1412 | D:3      | Mangled by Terence

Illustrated notes

Levels and vault maps discovered:
D:1:      dpeg_arrival_rooms_a, layout_rooms
D:2:      layout_rooms, minmay_misc_feat_rugged
D:3:      layout_rooms, nicolae_uskayaw_dance_hall, uniq_natasha, uniq_terence

Skill      XL: |  1  2 |
---------------+-------+-----
Dodging        | 1 |  1.5
Armour         | 2 |  2.4
Fighting       | |  3.4
Axes           | |  3.3
Polearms       | |  0.4
Stealth        | |  0.4
Spellcasting   | |  0.4

Action                     |  1- 3 |  4- 6 || total
---------------------------+-------+-------++-------
  Melee: Hand axe          |    69 |    11 ||    80
         Dagger            |    66 |       ||    66
         Trident           |       |    13 ||    13
    Use: Potion            |       |     1 ||     1
   Stab: Paralysed         |     1 |       ||     1
 Armour: Leather armour    |    49 |    23 ||    72
  Dodge: Dodged            |    42 |    11 ||    53

Table legend: (Time is in decaauts)
 A = Elapsed time spent in this place.
 B = Non-inter-level travel time spent in this place.
 C = Inter-level travel time spent in this place.
 D = Time resting spent in this place.
 E = Time spent auto-exploring this place.
 F = Levels seen in this place.
 G = Mean time per level.
                   A        B        C        D        E       F      G
               +--------+--------+--------+--------+--------+-----+--------+
         Total |   1419 |   1332 |     87 |      0 |   1058 |   3 |  473.0 |
       Dungeon |   1419 |   1332 |     87 |      0 |   1058 |   3 |  473.0 |
               +--------+--------+--------+--------+--------+-----+--------+

Top non-repeatable levels by time:
     D:2: 588 daAuts
     D:1: 523 daAuts
     D:3: 307 daAuts
